 Dungeon Crawl Stone Soup version 0.21-a0-442-g848f44b (webtiles) character file.

191922 theanonym the Earth Mage (level 18, -11/113 HPs)
             Began as a Gargoyle Earth Elementalist on Nov 14, 2017.
             Was the Champion of Vehumet.
             Killed from afar by an ice dragon (28 damage)
             ... with a blast of cold
             ... on level 1 of the Depths on Nov 15, 2017.
             The game lasted 04:03:35 (54378 turns).

theanonym the Earth Mage (GrEE)                    Turns: 54378, Time: 04:03:36

Health: -11/113    AC: 25    Str: 22    XL:     18   Next: 66%
Magic:  7/37       EV: 12    Int: 22    God:    Vehumet [******]
Gold:   1189       SH:  7    Dex: 13    Spells: 8/48 levels left

rFire    + . .     SeeInvis .   C - staff of death {rN+}
rCold    . . .     Gourm    .   S - +0 buckler (curse)
rNeg     + + .     Faith    .   K - +3 leather armour "Cagogius" {Str+8}
rPois    ∞         Spirit   .   R - +1 helmet
rElec    +         Reflect  +   c - +0 cloak
rCorr    .         Harm     .   M - +0 pair of gloves
MR       +....                  n - +1 pair of boots of Analysis {rF+}
Stlth    ++........             H - +2 amulet of reflection
HPRegen  0.28/turn              x - ring of wizardry {Wiz+}
MPRegen  0.25/turn              P - +3 ring of dexterity

@: flying
A: big wings, negative energy resistance 1, electricity resistance, unbreathing,
petrification resistance, rot immunity, AC +13
a: Stop Flying, Renounce Religion


Innate Abilities, Weirdness & Mutations

You are resistant to torment.
Your stone body is resilient. (AC +13)
You are immune to poison.
Your large and strong wings let you fly indefinitely.
You resist negative energy. (rN+)
You are resistant to electric shocks. (rElec)
You can survive without breathing.
You are immune to petrification.
You are immune to rotting.


   Skills:
 - Level 12.7 Fighting
 - Level 1.5 Dodging
 - Level 2.1 Stealth
 - Level 4.8 Shields
 + Level 15.8 Spellcasting
 + Level 17.9 Conjurations
 - Level 0.7 Transmutations
 * Level 9.4 Fire Magic
 - Level 18.7 Earth Magic
 - Level 0.4 Evocations


You had 8 spell levels left.
You knew the following spells:

 Your Spells              Type           Power        Failure   Level  Hunger
a - Sandblast             Erth           ######       0%          1    None
b - Iron Shot             Conj/Erth      #######...   1%          6    #####..
c - Passwall              Tmut/Erth      ######....   1%          2    None
d - Orb of Destruction    Conj           #######...   1%          7    ######.
e - Bolt of Magma         Conj/Fire/Erth ######....   1%          5    ##.....
f - Fireball              Conj/Fire      ######....   1%          5    ##.....
g - Blink                 Tloc           N/A          2%          2    None
h - Apportation           Tloc           ###...       1%          1    None
i - Petrify               Tmut/Erth      ######..     1%          4    None
s - Swiftness             Chrm/Air       ###.....     2%          2    None
z - Lee's Rapid Deconstr  Erth           #######...   1%          5    ##.....

Skill      XL: |  1  2  3  4  5  6  7  8  9 10 11 12 13 14 15 16 17 18 |
---------------+-------------------------------------------------------+-----
Earth Magic    | 4 5 6 7 9 10 11 13 15 16 18 | 18.7
Spellcasting   | 3 4 5 7 9 11 12 13 14 15 | 15.8
Fighting       | 2 6 9 10 11 12 | 12.7
Conjurations   | 3 7 12 15 17 | 17.9
Fire Magic     | 5 6 9 |  9.4
Shields        | 4 |  4.8
Dodging        | |  1.5
Stealth        | |  2.1
Transmutations | |  0.7
Evocations     | |  0.4

Action                   |  1- 3 |  4- 6 |  7- 9 | 10-12 | 13-15 | 16-18 || total
-------------------------+-------+-------+-------+-------+-------+-------++-------
Melee: Unarmed           |     9 |       |       |       |       |       ||     9
       Dagger            |    57 |   136 |    26 |    85 |    56 |       ||   360
       Staff             |       |       |       |       |     1 |    13 ||    14
 Fire: Blowgun           |       |       |       |       |     1 |       ||     1
 Cast: Sandblast         |    21 |    75 |   140 |   139 |   162 |   326 ||   863
       Lee's Rapid Decon |       |     1 |    33 |   127 |    99 |    45 ||   305
       Stone Arrow       |       |       |     6 |   118 |   324 |       ||   448
       Swiftness         |       |       |     3 |     5 |    10 |    15 ||    33
       Passwall          |       |       |     2 |    13 |     5 |     5 ||    25
       Petrify           |       |       |     2 |    32 |    22 |       ||    56
       Bolt of Magma     |       |       |       |       |   146 |    17 ||   163
       Blink             |       |       |       |       |    16 |    11 ||    27
       Iron Shot         |       |       |       |       |    30 |   227 ||   257
       Orb of Destructio |       |       |       |       |    29 |    56 ||    85
       Bolt of Draining  |       |       |       |       |    11 |   127 ||   138
       Fireball          |       |       |       |       |       |    10 ||    10
 Abil: Fly               |       |       |       |       |       |     2 ||     2
       Stop Flying       |       |       |       |       |       |     1 ||     1
Evoke: Wand              |       |       |       |     3 |     5 |    16 ||    24
  Use: Scroll            |       |     4 |     2 |     6 |    20 |    23 ||    55
       Potion            |       |       |       |     1 |     1 |     2 ||     4
 Stab: Sleeping          |     3 |     2 |       |       |     1 |       ||     6
       Petrified         |       |       |       |    40 |     2 |       ||    42
  Eat: Chunk             |     2 |     8 |    14 |    28 |    53 |    54 ||   159
       Meat ration       |       |       |     1 |     6 |     7 |    14 ||    28
       Fruit             |       |       |     4 |     4 |    14 |       ||    22
       Royal jelly       |       |       |     1 |     1 |       |       ||     2
       Bread ration      |       |       |       |     1 |     2 |     4 ||     7
Armor: Robe              |    27 |    54 |    19 |    36 |       |       ||   136
       Leather armour    |       |       |       |    74 |   288 |   208 ||   570
Dodge: Dodged            |    41 |    99 |    45 |   125 |   242 |   167 ||   719
Block: Other             |       |       |       |       |     8 |     5 ||    13
       Reflection        |       |       |       |       |     2 |    20 ||    22
       Buckler           |       |       |       |       |       |    96 ||    96

Inventory:

Missiles
 L - 5 throwing nets
 Z - 49 stones (quivered)
Armour
 c - a +0 cloak (worn)
   (You found it on level 1 of the Snake Pit)
 n - the +1 pair of boots of Analysis (worn) {rF+}
   (You found it on level 8 of the Dungeon)

   It protects you from fire.
 K - the +3 leather armour "Cagogius" (worn) {Str+8}
   (You found it on level 10 of the Dungeon)

   It affects your strength (+8).
 M - a +0 pair of gloves (worn)
   (You found it on level 10 of the Dungeon)
 Q - the +0 robe of Failure {rC+ Int+3 Slay+2}
   (You took it off a naga mage on level 2 of the Snake Pit)

   It affects your intelligence (+3).
   It affects your accuracy and damage with ranged weapons and melee attacks
   (+2).
   It protects you from cold.
 R - a +1 helmet (worn)
   (You found it on level 1 of the Lair of Beasts)
 S - a cursed +0 buckler (worn)
   (You bought it in a shop on level 2 of the Orcish Mines)
 W - a +2 shield
   (You found it on level 5 of the Lair of Beasts)
Magical Staves
 C - an uncursed staff of death (weapon) {rN+}
   (You found it on level 14 of the Dungeon)
Jewellery
 l - an uncursed ring of resist corrosion
   (You found it on level 8 of the Dungeon)
 x - a ring of wizardry (left hand) {Wiz+}
   (You found it on level 3 of the Dungeon)
 F - an uncursed ring of positive energy {rN+}
   (You took it off an orc on level 7 of the Dungeon)
 H - a +2 amulet of reflection (around neck)
   (You found it on level 14 of the Dungeon)
 P - a +3 ring of dexterity (right hand)
   (You found it on level 6 of the Dungeon)
Wands
 d - a wand of digging (17/24)
   (You found it on level 13 of the Dungeon)
 u - a wand of lightning (6/15)
   (You took it off a naga on level 2 of the Snake Pit)
 v - a wand of acid (4/15)
   (You took it off a crimson imp on level 15 of the Dungeon)
 I - a wand of disintegration (0/24)
   (You took it off a naga on level 2 of the Snake Pit)
 T - a wand of iceblast (6/15)
   (You found it on level 1 of the Snake Pit)
Scrolls
 f - 3 scrolls of fog {!r}
 k - 3 scrolls of amnesia
 o - a scroll of torment {!r}
 p - 3 scrolls of enchant weapon
 s - 6 scrolls of magic mapping {!r}
 t - 5 scrolls of teleportation {!r}
 w - 9 scrolls of remove curse
 y - 6 scrolls of enchant armour
 A - 6 scrolls of blinking
 E - 3 scrolls of fear {!r}
 N - a scroll of silence
 V - 3 scrolls of immolation
Potions
 a - 2 potions of resistance
 e - 4 potions of lignification
 g - 4 potions of invisibility
 i - 10 potions of curing
 m - 3 potions of mutation
 q - 8 potions of heal wounds
 z - 2 potions of might
 B - 3 potions of brilliance
 D - 2 potions of haste
 J - 3 potions of agility
 O - a potion of berserk rage
 U - 2 potions of cancellation
Books
 h - a book of Summonings
   (You found it on level 6 of the Lair of Beasts)

   Spells                             Type                      Level
   a - Recall                         Summoning/Translocation      3
   b - Aura of Abjuration             Summoning                    5
   c - Summon Demon                   Summoning                    5
   d - Summon Forest                  Summoning/Translocation      5
   e - Summon Mana Viper              Hexes/Summoning              5
   f - Shadow Creatures               Summoning                    6
Comestibles
 b - 2 meat rations
 j - 16 royal jellies
 r - a chunk of flesh
 X - 10 bread rations

Dungeon Overview and Level Annotations

Branches:
Dungeon (15/15)            Temple (0/1) D:7            Lair (6/6) D:9
 Shoals (3/4) Lair:3        Snake (3/4) Lair:2        Slime (0/5) Lair:6
    Orc (2/2) D:9             Elf (0/3) Orc:2        Vaults (0/5) D:14
 Depths (1/5) D:15

Altars:
Ashenzari
Dithmenos
Okawaru
Ru
Sif Muna
Trog
Vehumet
Xom
Yredelemnul
The Shining One
Jiyva

Shops:
D:6 }   D:8 !   Orc:2 *[?}   Depths:1 }%:*:

Portals:
Hell: Depths:1

Annotations:
D:6 Blork the orc
Shoals:1 Louise


You were on level 1 of the Depths.
You worshipped Vehumet.
Vehumet was exalted by your worship.
You were very hungry.

You visited 6 branches of the dungeon, and saw 30 of its levels.

You collected 2759 gold pieces.
You spent 1570 gold pieces at shops.


Message History

The deep troll earth mage points next to the vampire knight and mumbles some strange words.
Some rock shatters into small pieces.
The vampire knight mumbles some strange words.
The vampire knight flickers and vanishes!
Deactivating autopickup; reactivate with Ctrl-A.
You continue meditating on the rock.
The spark wasp stings you but does no damage. x2
The tengu conjurer casts a spell at you.
The bolt of magma hits you!
You finish merging with the rock.
You take 19 damage, and have 75/113 hp.
You now have 13/37 mp.
You feel quick.
* * * LOW MAGIC WARNING * * *
You now have 11/37 mp.
There is an entrance to Moipt's General Store here.
You are feeling very hungry.
You hear a grinding noise.
You start to feel a little slower.
The spark wasp bursts into living lightning!
The living lightning misses you.
The spark wasp blinks!
The spark wasp stings you! The spark wasp shocks you. You resist.
You take 20 damage, and have 57/113 hp.
The fireball explodes!
The fireball engulfs the spark wasp.
* * * LOW MAGIC WARNING * * *
The spark wasp barely misses you.
You now have 9/37 mp.
The fireball explodes!
The fireball engulfs the spark wasp.
* * * LOW MAGIC WARNING * * *
You hear a horrible gurgling sound!
The spark wasp misses you.
The spark wasp stings you but does no damage.
You now have 4/37 mp.
You don't have enough magic to cast that spell.
Unknown command.
Unknown command.
Unknown command.
Really read
t - 9 scrolls of teleportation {!r}?
As you read the scroll of teleportation {!r}, it crumbles to dust.
You feel strangely unstable.
You feel sluggish.
The spark wasp stings you but does no damage.
You blink.
* * * LOW MAGIC WARNING * * *
A cyan ugly thing comes into view.
You now have 2/37 mp.
Your surroundings suddenly seem different.
Found a chunk of flesh.
Found a stone staircase leading down.
A very ugly thing and a yaktaur come into view.
Really read
t - 8 scrolls of teleportation {!r}?
As you read the scroll of teleportation {!r}, it crumbles to dust.
You feel strangely unstable.
The cyan very ugly thing gurgles horribly!
You hear a horrible gurgling sound!
You hear a shout!
The yaktaur wields an arbalest.
The yaktaur shoots a bolt.
The bolt hits you!
* * * LOW HITPOINT WARNING * * *
You hear a shout!
You take 14 damage, and have 45/113 hp.
You hear a shout! x2
The yaktaur shoots a bolt.
The bolt hits you but does no damage.
Found Roumn's Gadget Emporium.
A cyan very ugly thing comes into view.
You start to feel a little faster.
Your surroundings suddenly seem different.
A juggernaut comes into view.
You no longer feel sluggish.
Unknown command.
Aim: a juggernaut (chance to defeat MR: 4%)
Okay, then.
Unknown command.
Really read
t - 7 scrolls of teleportation {!r}?
As you read the scroll of teleportation {!r}, it crumbles to dust.
You feel strangely unstable. You block the juggernaut's attack.
The juggernaut hits you!!
* * * LOW HITPOINT WARNING * * *
You take 28 damage, and have 19/113 hp.
MASSIVE DAMAGE!!
Your surroundings suddenly seem different.
The yaktaur shoots a bolt.
The bolt closely misses you.
A necromancer comes into view. It is wielding a dagger.
The necromancer gestures wildly while chanting.
The necromancer binds the souls of nearby monsters.
A yaktaur comes into view.
You see here a bolt.
Really read
t - 6 scrolls of teleportation {!r}?
As you read the scroll of teleportation {!r}, it crumbles to dust.
You feel strangely unstable.
The yaktaur shoots a bolt.
The bolt barely misses you.
Really read
f - 4 scrolls of fog {!r}?
As you read the scroll of fog {!r}, it crumbles to dust.
The scroll dissolves into smoke.
The yaktaur shoots a bolt.
The bolt hits you!!
* * * LOW HITPOINT WARNING * * *
You take 19 damage, and have 2/113 hp.
You feel much better.
Your surroundings suddenly seem different.
The ice dragon roars deafeningly!
You hear an angry buzzing noise.
The tengu conjurer points at you and mumbles some strange words.
The puff of flame hits you! You resist.
* * * LOW HITPOINT WARNING * * *
The ice dragon breathes frost at you. The blast of cold hits you!
You die...

.................................
.................................
.................................
.........................>.......
.................................
u.... .......Q..................
#.>... ...###.###.............#.
#...... ##.....##...........#..
##...... ##.....@.##........#...#
#.......##.........##.......##...
#......##.....∩.D...##...........
#..#...#.............#...........
.......#.....T.(.....#........#.#
.......[...∩..#..∩..............#
T......#.............#...........
......(#.............#...y....u..
#.....(.#.....∩.....##..........#


You could see an ice dragon, a deep troll earth mage (wandering) and a tengu
conjurer.

Notes
Turn   | Place    | Note
-------+----------+-------------------------------------------
     0 | D:1      | theanonym the Gargoyle Earth Elementalist began the quest for the Orb.
     0 | D:1      | Reached XP level 1. HP: 10/10 MP: 3/3
   344 | D:1      | Reached skill level 4 in Earth Magic
   344 | D:1      | Reached XP level 2. HP: 15/15 MP: 1/5
   914 | D:1      | Reached XP level 3. HP: 19/19 MP: 6/6
  1329 | D:2      | Noticed Natasha
  1331 | D:2      | HP: 5/19 [Natasha (8)]
  1337 | D:2      | Killed Natasha
  1337 | D:2      | Reached skill level 3 in Spellcasting
  1337 | D:2      | Reached XP level 4. HP: 7/24 MP: 0/8
  1343 | D:2      | Learned a level 4 spell: Petrify
  1346 | D:2      | Learned a level 2 spell: Passwall
  1629 | D:2      | Found a radiant altar of Vehumet.
  1645 | D:2      | Became a worshipper of Vehumet
  1735 | D:2      | Noticed Natasha
  1739 | D:2      | Killed Natasha
  1739 | D:2      | Reached skill level 5 in Earth Magic
  2032 | D:2      | Found a faded altar of an unknown god.
  2059 | D:2      | Noticed Natasha
  2063 | D:2      | Killed Natasha
  2063 | D:2      | Reached XP level 5. HP: 28/28 MP: 6/10
  2119 | D:2      | Noticed Terence
  2265 | D:2      | Found a glowing golden altar of the Shining One.
  2425 | D:2      | Noticed Jessica
  2430 | D:2      | Killed Jessica
  2550 | D:2      | Killed Terence
  2736 | D:3      | Reached skill level 4 in Spellcasting
  2767 | D:3      | Found a deep blue altar of Sif Muna.
  2816 | D:3      | Reached skill level 6 in Earth Magic
  2820 | D:3      | Reached XP level 6. HP: 32/32 MP: 7/12
  2833 | D:3      | Reached * piety under Vehumet
  2833 | D:3      | Offered knowledge of Flame Tongue by Vehumet.
  2841 | D:3      | Learned a level 5 spell: Lee's Rapid Deconstruction
  2868 | D:3      | Noticed Autsider's ghost (amateur GnSk)
  2879 | D:3      | Killed Autsider's ghost
  3889 | D:4      | Reached skill level 7 in Earth Magic
  3889 | D:4      | Reached XP level 7. HP: 36/36 MP: 8/14
  3960 | D:4      | Reached skill level 5 in Spellcasting
  3971 | D:4      | Found a shattered altar of Ashenzari.
  4073 | D:4      | Learned a level 3 spell: Stone Arrow
  4812 | D:5      | Entered Level 5 of the Dungeon
  4908 | D:5      | Reached skill level 8 in Earth Magic
  5042 | D:5      | Found a shimmering altar of Xom.
  5046 | D:5      | Offered knowledge of Freeze by Vehumet.
  5048 | D:5      | Reached ** piety under Vehumet
  5166 | D:5      | Reached skill level 1 in Fighting
  5312 | D:5      | Reached skill level 2 in Fighting
  5312 | D:5      | Reached skill level 9 in Earth Magic
  5312 | D:5      | Reached XP level 8. HP: 45/45 MP: 3/15
  5421 | D:5      | Reached skill level 3 in Fighting
  5924 | D:5      | Learned a level 2 spell: Swiftness
  6020 | D:6      | Reached skill level 4 in Fighting
  6049 | D:6      | Found a shimmering altar of Xom.
  6204 | D:6      | Found Yliutui's Gadget Emporium.
  6244 | D:6      | Found an iron altar of Okawaru.
  6299 | D:6      | Reached skill level 10 in Earth Magic
  6463 | D:6      | Offered knowledge of Throw Flame by Vehumet.
  6466 | D:6      | Noticed Blork the orc
  6487 | D:6      | Reached skill level 5 in Fighting
  6715 | D:7      | Reached skill level 6 in Fighting
  6719 | D:7      | Reached XP level 9. HP: 56/56 MP: 6/16
  6726 | D:6      | Reached skill level 7 in Fighting
  6809 | D:7      | Reached *** piety under Vehumet
  6979 | D:7      | Reached skill level 8 in Fighting
  7158 | D:7      | Offered knowledge of Mephitic Cloud by Vehumet.
  7684 | D:7      | Found a staircase to the Ecumenical Temple.
  7720 | D:7      | Reached skill level 9 in Fighting
  8169 | D:7      | Found a sacrificial altar of Ru.
  8169 | D:7      | Found a basalt altar of Yredelemnul.
  8310 | D:8      | HP: 26/60 [acid (5)]
  8697 | D:8      | Reached **** piety under Vehumet
  8796 | D:8      | Reached skill level 11 in Earth Magic
  8796 | D:8      | Reached XP level 10. HP: 66/66 MP: 3/18
  8981 | D:8      | Found a transporter.
  9001 | D:8      | Reached skill level 6 in Spellcasting
  9099 | D:8      | Found Goecriyd's Distillery.
  9441 | D:8      | Found a transporter.
  9783 | D:8      | Got a pair of scorched boots
  9798 | D:8      | Identified the +1 pair of boots of Analysis {rF+} (You found it on level 8 of the Dungeon)
  9957 | D:9      | Offered knowledge of Irradiate by Vehumet.
  9957 | D:9      | Reached skill level 10 in Fighting
 10147 | D:9      | Reached skill level 12 in Earth Magic
 10756 | D:9      | Found a staircase to the Orcish Mines.
 10757 | D:9      | Noticed a brown ugly thing
 10765 | D:9      | Killed a brown ugly thing
 10967 | D:9      | Found a staircase to the Lair.
 10974 | D:9      | Reached skill level 7 in Spellcasting
 11399 | D:9      | Reached ***** piety under Vehumet
 11399 | D:9      | Offered knowledge of Orb of Destruction by Vehumet.
 11399 | D:9      | Reached skill level 13 in Earth Magic
 11399 | D:9      | Reached XP level 11. HP: 73/73 MP: 3/21
 11750 | Orc:1    | Entered Level 1 of the Orcish Mines
 11750 | Orc:1    | Noticed Gastronok
 11918 | D:10     | Entered Level 10 of the Dungeon
 11930 | D:10     | Learned a level 7 spell: Orb of Destruction
 12063 | D:10     | Noticed a two-headed ogre
 12068 | D:10     | Killed a two-headed ogre
 12405 | D:10     | Got a faintly glowing leather armour
 12742 | D:10     | Noticed Harold
 12907 | D:10     | Killed Harold
 12907 | D:10     | Reached skill level 8 in Spellcasting
 12907 | D:10     | Reached skill level 14 in Earth Magic
 12936 | D:10     | Identified the +3 leather armour "Cagogius" {Str+8} (You found it on level 10 of the Dungeon)
 14258 | D:11     | Noticed EnegeticOcto's ghost (journeyman OpAr)
 14345 | D:11     | Noticed Grum
 14350 | D:11     | Killed Grum
 14486 | D:11     | Killed EnegeticOcto's ghost
 14486 | D:11     | Reached skill level 15 in Earth Magic
 14861 | D:11     | Reached skill level 9 in Spellcasting
 14889 | D:11     | Learned a level 2 spell: Blink
 15074 | D:11     | Reached XP level 12. HP: 73/78 MP: 15/25
 15082 | D:11     | Noticed Erolcha
 15084 | D:11     | Killed Erolcha
 15803 | D:11     | Learned a level 1 spell: Apportation
 15872 | Lair:1   | Entered Level 1 of the Lair of Beasts
 16316 | Lair:1   | Reached skill level 10 in Spellcasting
 16943 | Lair:2   | Reached skill level 16 in Earth Magic
 17098 | Lair:2   | Reached skill level 1 in Conjurations
 17246 | Lair:2   | Reached skill level 2 in Conjurations
 17317 | Lair:2   | Noticed a six-headed hydra
 17342 | Lair:1   | HP: 34/78 [porcupine (9)]
 17366 | Lair:1   | HP: 23/78 [black mamba (11)]
 17372 | Lair:1   | HP: 14/78 [black mamba (11)]
 17373 | Lair:1   | HP: 1/78 [black mamba (13)]
 17507 | Lair:1   | HP: 31/78 [bullfrog (1)]
 17826 | Lair:2   | Identified a scroll of acquirement
 17826 | Lair:2   | Identified the Catalogue of Stolen Souls and Orientation (You acquired it on level 2 of the Lair of Beasts)
 18014 | Lair:2   | Reached skill level 3 in Conjurations
 18015 | Lair:2   | Offered knowledge of Bolt of Magma by Vehumet.
 18073 | Lair:2   | Found a staircase to the Snake Pit.
 18255 | Lair:2   | Noticed a six-headed hydra
 18527 | Lair:2   | Noticed a death yak
 18548 | Lair:2   | Killed a death yak
 18548 | Lair:2   | Reached skill level 11 in Spellcasting
 18702 | Lair:2   | Killed a six-headed hydra
 18991 | Lair:2   | Killed a six-headed hydra
 18991 | Lair:2   | Reached XP level 13. HP: 83/83 MP: 2/28
 18998 | Lair:2   | Learned a level 5 spell: Bolt of Magma
 19241 | Lair:3   | Found a staircase to the Shoals.
 19278 | Lair:2   | Reached skill level 1 in Fire Magic
 19758 | Lair:1   | Reached skill level 4 in Conjurations
 20042 | Lair:3   | Reached skill level 2 in Fire Magic
 20767 | Lair:3   | Reached skill level 3 in Fire Magic
 20769 | Lair:3   | Reached skill level 5 in Conjurations
 21066 | Lair:3   | Noticed Urug
 21075 | Lair:3   | Killed Urug
 21218 | Lair:3   | Reached skill level 12 in Spellcasting
 21309 | Lair:3   | Reached skill level 4 in Fire Magic
 21741 | Lair:3   | Found a shimmering altar of Xom.
 22198 | Lair:4   | Reached skill level 6 in Conjurations
 23318 | Lair:5   | Noticed Josephine
 23330 | Lair:4   | Killed Josephine
 23330 | Lair:4   | Reached skill level 11 in Fighting
 23330 | Lair:4   | Reached skill level 5 in Fire Magic
 23598 | Lair:4   | Reached skill level 7 in Conjurations
 23937 | Lair:5   | Gained mutation: Your large and strong wings let you fly indefinitely. [Gargoyle growth]
 23937 | Lair:5   | Reached XP level 14. HP: 90/90 MP: 17/30
 24604 | Lair:5   | Noticed sergedm's ghost (journeyman DECj)
 24775 | Lair:5   | Reached skill level 8 in Conjurations
 25234 | Orc:1    | Noticed Nergalle
 26386 | D:12     | Got a shimmering ring mail
 26787 | D:13     | Reached skill level 9 in Conjurations
 26895 | D:13     | Offered knowledge of Ozocubu's Refrigeration by Vehumet.
 27200 | D:13     | Reached skill level 12 in Fighting
 27241 | D:13     | HP: 36/92 [centaur warrior/arrow (17)]
 27246 | D:13     | HP: 21/92 [centaur warrior/arrow (1)]
 27506 | Snake:1  | Entered Level 1 of the Snake Pit
 27846 | Snake:1  | Reached skill level 13 in Spellcasting
 27885 | Snake:1  | Learned a level 3 spell: Conjure Flame
 27976 | Snake:1  | Reached skill level 10 in Conjurations
 28036 | Snake:1  | Found a runed gate.
 28036 | Snake:1  | Found a runed gate.
 28036 | Snake:1  | Found a runed gate.
 28806 | Lair:2   | HP: 43/92 [mana viper (14)]
 28813 | Lair:2   | Reached skill level 11 in Conjurations
 29313 | D:13     | Got a pitted leather armour
 30332 | Lair:6   | Entered Level 6 of the Lair of Beasts
 30344 | Lair:5   | Reached skill level 12 in Conjurations
 30539 | Lair:5   | HP: 46/92 [spiny frog (2)]
 30879 | Lair:5   | Reached XP level 15. HP: 49/96 MP: 27/32
 30880 | Lair:5   | HP: 44/96 [komodo dragon (6)]
 31096 | Lair:5   | Identified the +3 leather armour "Ucinas" {-Tele rF++ Str+2 Dex+4} (You took it off an orc on level 13 of the Dungeon)
 31304 | Lair:5   | Reached ****** piety under Vehumet
 31524 | Lair:5   | Killed sergedm's ghost
 31656 | Lair:6   | Reached skill level 13 in Conjurations
 32018 | Lair:6   | Got a scorched scale mail
 32076 | Lair:6   | Found a viscous altar of Jiyva.
 32077 | Lair:6   | Found a staircase to the Slime Pits.
 32290 | Lair:6   | Offered knowledge of Venom Bolt by Vehumet.
 33240 | Lair:6   | Reached skill level 14 in Conjurations
 33680 | Lair:6   | Found a large runed door.
 33680 | Lair:6   | Found a large runed door.
 34530 | D:14     | Noticed Kirke
 34538 | D:14     | Killed Kirke
 34711 | D:14     | Noticed Azrael
 34723 | D:14     | HP: 47/96 [Azrael/damnation (29)]
 34725 | D:14     | Killed Azrael
 35211 | D:14     | Found a gate to the Vaults.
 35300 | D:14     | Learned a level 5 spell: Bolt of Draining
 35568 | D:15     | Entered Level 15 of the Dungeon
 35609 | D:15     | Offered knowledge of Iron Shot by Vehumet.
 35619 | D:15     | Learned a level 6 spell: Iron Shot
 36267 | D:15     | Reached skill level 14 in Spellcasting
 36402 | D:15     | Found a shadowy altar of Dithmenos.
 36514 | D:15     | Found a staircase to the Depths.
 36874 | Orc:1    | Killed Nergalle
 37252 | Orc:1    | Killed Gastronok
 37252 | Orc:1    | Reached skill level 15 in Conjurations
 37252 | Orc:1    | Reached XP level 16. HP: 101/101 MP: 10/34
 37303 | Orc:1    | Noticed Snorg
 37306 | Orc:1    | Killed Snorg
 37456 | Orc:1    | Found a shimmering altar of Xom.
 37552 | Orc:1    | Found a bloodstained altar of Trog.
 37699 | Orc:2    | Entered Level 2 of the Orcish Mines
 38090 | Orc:2    | Found a staircase to the Elven Halls.
 38148 | Orc:2    | Found Weophahi's Armour Boutique.
 38148 | Orc:2    | Found Fanur's Assorted Antiques.
 38252 | Orc:2    | Reached skill level 17 in Earth Magic
 38537 | Orc:2    | Noticed Nessos
 38540 | Orc:2    | HP: 47/101 [Nessos/arrow (18)]
 38554 | Orc:2    | Offered knowledge of Spellforged Servitor by Vehumet.
 38586 | Orc:2    | Killed Nessos
 38986 | Orc:2    | Paralysed by an ogre mage for 3 turns
 39129 | Orc:2    | Paralysed by an ogre mage for 2 turns
 39285 | Orc:2    | Noticed Saint Roka
 39293 | Orc:2    | HP: 44/101 [Saint Roka/bolt (21)]
 39599 | Orc:2    | Found Wyarih's Magic Scroll Shoppe.
 39601 | Orc:2    | Bought a cursed +0 buckler for 21 gold pieces
 39606 | Orc:2    | Bought a potion of curing for 75 gold pieces
 39606 | Orc:2    | Bought a scroll labeled QIK ZOIT EHI for 25 gold pieces
 39609 | Orc:2    | Found Eraiqok's Gadget Shop.
 39628 | Orc:2    | Bought a scroll of identify for 34 gold pieces
 39628 | Orc:2    | Bought a scroll of blinking for 127 gold pieces
 39715 | Orc:2    | Reached skill level 1 in Shields
 39719 | Orc:2    | Reached skill level 2 in Shields
 39959 | Orc:2    | Killed Saint Roka
 39959 | Orc:2    | Reached skill level 4 in Shields
 41056 | Snake:1  | Noticed Rupert
 41059 | Snake:1  | Paralysed by Rupert for 2 turns
 41233 | Snake:1  | Killed Rupert
 41637 | Shoals:1 | Entered Level 1 of the Shoals
 42340 | Shoals:1 | Noticed Louise
 42927 | Shoals:1 | Reached skill level 18 in Earth Magic
 43270 | Shoals:1 | Offered knowledge of Freezing Cloud by Vehumet.
 43521 | Shoals:1 | Reached XP level 17. HP: 104/106 MP: 10/35
 43838 | Shoals:2 | Noticed a kraken
 43845 | Shoals:2 | Killed a kraken
 44665 | Shoals:2 | Reached skill level 16 in Conjurations
 44825 | Shoals:2 | Reached skill level 15 in Spellcasting
 46037 | Shoals:3 | Found Coap's Food Boutique.
 46050 | Shoals:3 | Bought a meat ration for 70 gold pieces
 46050 | Shoals:3 | Bought a bread ration for 70 gold pieces
 46050 | Shoals:3 | Bought a meat ration for 70 gold pieces
 46050 | Shoals:3 | Bought a meat ration for 70 gold pieces
 46050 | Shoals:3 | Bought a royal jelly for 28 gold pieces
 46050 | Shoals:3 | Bought a royal jelly for 28 gold pieces
 46050 | Shoals:3 | Bought a meat ration for 70 gold pieces
 47752 | Snake:2  | Reached skill level 17 in Conjurations
 48541 | Snake:2  | Offered knowledge of Lehudib's Crystal Spear by Vehumet.
 48541 | Snake:2  | Offered knowledge of Fire Storm by Vehumet.
 48541 | Snake:2  | Offered knowledge of Chain Lightning by Vehumet.
 48543 | Snake:2  | HP: 40/108 [naga mage/orb of energy (19)]
 49756 | Snake:2  | Got a crude robe
 50161 | Snake:3  | Reached skill level 6 in Fire Magic
 50463 | Snake:3  | Reached XP level 18. HP: 113/113 MP: 30/37
 50854 | Snake:3  | Reached skill level 7 in Fire Magic
 51584 | Snake:3  | HP: 54/113 [anaconda (7)]
 51589 | Snake:3  | HP: 42/113 [anaconda (6)]
 51879 | Snake:3  | Identified the +0 robe of Failure {rC+ Int+3 Slay+2} (You took it off a naga mage on level 2 of the Snake Pit)
 52782 | Depths:1 | Entered Level 1 of the Depths
 52805 | Depths:1 | Reached skill level 8 in Fire Magic
 52963 | Depths:1 | Noticed a lich
 53680 | Depths:1 | Found a gateway to Hell.
 53803 | Depths:1 | Reached skill level 9 in Fire Magic
 53815 | Depths:1 | HP: 43/113 [white very ugly thing (38)]
 53853 | Depths:1 | HP: 43/113 [red very ugly thing (10)]
 53858 | Depths:1 | HP: 34/113 [burnt (3)]
 53875 | Depths:1 | HP: 33/113 [red very ugly thing (3)]
 54229 | Depths:1 | Found Uthuq's Book Boutique.
 54230 | Depths:1 | Found Echucze's Book Shop.
 54230 | Depths:1 | Found Lifag's Food Boutique.
 54235 | Depths:1 | Bought a book of Flames for 630 gold pieces
 54241 | Depths:1 | Learned a level 5 spell: Fireball
 54242 | Depths:1 | Found Moipt's General Store.
 54324 | Depths:1 | Bought a meat ration for 60 gold pieces
 54324 | Depths:1 | Bought a bread ration for 60 gold pieces
 54324 | Depths:1 | Bought a royal jelly for 24 gold pieces
 54324 | Depths:1 | Bought a royal jelly for 24 gold pieces
 54324 | Depths:1 | Bought a royal jelly for 24 gold pieces
 54324 | Depths:1 | Bought a meat ration for 60 gold pieces
 54366 | Depths:1 | HP: 45/113 [yaktaur/bolt (14)]
 54367 | Depths:1 | Found Roumn's Gadget Emporium.
 54369 | Depths:1 | Noticed a juggernaut
 54372 | Depths:1 | HP: 19/113 [juggernaut (28)]
 54377 | Depths:1 | HP: 2/113 [yaktaur/bolt (19)]
 54378 | Depths:1 | Killed from afar by an ice dragon

Vanquished Creatures
  Saint Roka (Orc:2)
  Rupert (Snake:1)
  A kraken (Shoals:2)
  Gastronok (Orc:1)
  Kirke (D:14)
  A frost giant (Shoals:2)
  3 stone giants (Depths:1)
  Nessos (Orc:2)
  7 very ugly things (Depths:1)
  A dire elephant (D:15)
  Azrael (D:14)
  An ettin (Orc:2)
  Snorg (Orc:1)
  A fire dragon (Lair:6)
  Josephine (Lair:4)
  2 merfolk impalers
  Erolcha (D:11)
  The ghost of sergedm the Eclecticist, a journeyman DECj of Vehumet (Lair:5)
  Harold (D:10)
  11 hydras
  12 naga warriors
  A merfolk aquamancer (Shoals:2)
  14 anacondas
  4 centaur warriors (D:13)
  4 merfolk avatars
  15 two-headed ogres
  A deep troll earth mage (Depths:1)
  The ghost of EnegeticOcto the Unseen, a journeyman OpAr of Gozag (D:11)
  4 ogre magi
  10 naga sharpshooters
  Urug (Lair:3)
  4 death yaks
  Nergalle (Orc:1)
  3 shock serpents
  A salamander mystic (Snake:2)
  2 deep trolls (Orc:2)
  6 sea snakes
  4 unseen horrors
  3 naga ritualists
  A lindwurm (Lair:6)
  An orb spider (shapeshifter) (D:15)
  A necromancer (D:14)
  A wolf spider zombie (D:13)
  9 salamanders
  8 mana vipers
  7 manticores
  An orc sorcerer (Orc:2)
  A wolf spider (D:15)
  3 harpies (Shoals:1)
  11 cyclopes
  13 ugly things
  3 water nymphs
  2 fauns (Shoals:3)
  3 elephants (Lair:6)
  5 merfolk sirens
  8 naga magi
  2 centaur zombies (D:12)
  2 molten gargoyles (Lair:6)
  A torpor snail (shapeshifter) (D:15)
  7 guardian serpents
  2 torpor snails
  15 spiny frogs
  36 black mambas
  2 kobold demonologists (D:11)
  A yaktaur (Depths:1)
  2 rime drakes
  An efreet (D:14)
  20 komodo dragons
  A troll (shapeshifter) (Depths:1)
  A freezing wraith (D:15)
  15 trolls
  10 merfolk
  6 wind drakes
  A hornet (shapeshifter) (D:13)
  2 hornets
  11 slime creatures
  A polar bear (Lair:6)
  6 blink frogs
  2 dream sheep (Shoals:2)
  4 snapping turtles
  6 hippogriffs
  A shadow (D:13)
  8 water elementals
  50 yaks
  7 wraiths
  A yak (shapeshifter) (D:14)
  8 basilisks
  6 hungry ghosts
  5 wyverns
  A fire elemental (D:14)
  Grum (D:11)
  3 hogs (D:14)
  7 vampire mosquitoes
  33 nagas
  4 wargs
  A soldier ant (D:15)
  3 acid dragons
  20 water moccasins
  8 hell hounds
  12 porcupines
  19 orc warriors
  6 ice beasts
  6 black bears
  2 hornet zombies
  6 sky beasts
  The ghost of Autsider the Charmwright, an amateur GnSk (D:3)
  A necrophage (D:7)
  2 phantoms
  4 boggarts (Depths:1)
  26 ogres
  22 wolves
  10 centaurs
  A crocodile (shapeshifter) (D:14)
  16 crocodiles
  14 big kobolds
  21 bullfrogs
  A wyvern zombie (D:8)
  2 wyvern skeletons (D:12)
  11 jellies
  4 scorpions
  24 killer bees
  4 wights (D:7)
  7 electric eels
  5 howler monkeys
  8 crimson imps
  5 lava snakes (Lair:6)
  7 hounds
  9 orc priests
  2 bullfrog skeletons (D:8)
  6 centaur skeletons
  Jessica (D:2)
  Natasha (thrice) (D:2)
  23 orc wizards
  2 iguanas
  Terence (D:2)
  9 worker ants
  A hound skeleton (D:5)
  A hound zombie (D:7)
  A worker ant zombie (D:9)
  8 gnolls
  14 adders
  4 river rats (D:5)
  3 shadow imps
  A white imp (Depths:1)
  An adder zombie (D:7)
  4 worms
  4 dart slugs
  4 leopard geckos
  100 orcs
  5 ball pythons
  7 bats
  A bat zombie (D:1)
  15 giant cockroaches
  9 goblins
  7 hobgoblins
  2 jackals (D:10)
  30 kobolds
  2 quokkas
  2 frilled lizards
  A jackal zombie (D:1)
  A quokka skeleton (D:5)
  7 rats
  3 fungi
  A plant (Lair:2)
1074 creatures vanquished.

Vanquished Creatures (others)
  A merfolk javelineer (Shoals:1)
  An unseen horror (D:13)
  A faun (Shoals:3)
  5 dream sheep (Lair:3)
  2 humans (D:14)
  A centaur (D:14)
  A shadow imp (D:14)
  A jackal (D:10)
  17 fungi
  11 plants
  4 tentacles (Shoals:2)
45 creatures vanquished.

Grand Total: 1119 creatures vanquished
